 Dungeon Crawl Stone Soup version 0.20.0-15-g7f486f2 (console) character file.

119 removed the Slasher (level 4, 26/27 HPs)
             Began as a Deep Elf Fighter on June 11, 2017.
             Quit the game on level 3 of the Dungeon.
             The game lasted 00:02:01 (2492 turns).

removed the Slasher (Deep Elf Fighter)              Turns: 2492, Time: 00:02:02

Health: 26/27      AC:  7    Str: 13    XL:     4   Next: 73%
Magic:  6/6        EV:  6    Int: 13    God:
Gold:   100        SH:  8    Dex: 15    Spells: 3/3 levels left

rFire    . . .     SeeInvis .   k - +0 short sword (venom)
rCold    . . .     Gourm    .   c - +0 shield
rNeg     . . .     Faith    .   b - +0 scale mail
rPois    .         Spirit   .   (no helmet)
rElec    .         Reflect  .   (no cloak)
rCorr    .         Harm     .   q - +0 pair of gloves
MR       .....                  (no boots)
Stlth    ..........             (no amulet)
Regen    0.1/turn               (no ring)
MPRegen  0.1/turn               (no ring)

@: no status effects
A: no striking features
a: no special abilities


You were on level 3 of the Dungeon.
You were not hungry.

You visited 1 branch of the dungeon, and saw 3 of its levels.

You collected 100 gold pieces.

Inventory:

Hand Weapons
 a - a +0 long sword
 k - a +0 short sword of venom (weapon)
Armour
 b - a +0 scale mail (worn)
 c - a +0 shield (worn)
 q - a +0 pair of gloves (worn)
Wands
 t - a wand of polymorph (12/24)
Scrolls
 g - 2 scrolls of amnesia {unknown}
 j - 2 scrolls of remove curse {unknown}
 l - a scroll of blinking {unknown}
 n - 2 scrolls of identify {unknown}
 o - a scroll of fear {unknown}
 u - a scroll of magic mapping {unknown}
Potions
 d - a potion of might
 h - a potion of lignification {unknown}
 w - a potion of resistance {unknown}
 x - a potion of curing {unknown}
Comestibles
 f - a bread ration
 m - 2 royal jellies
 r - 2 fruits
 s - 2 meat rations
 v - 2 chunks of flesh


   Skills:
 - Level 2.4 Fighting
 + Level 4.5 Long Blades
 - Level 2.4 Armour
 - Level 2.4 Shields


You had 3 spell levels left.
You didn't know any spells.

Dungeon Overview and Level Annotations

Branches:
Dungeon (3/15)

Altars:


Message History

Some of the chunks of flesh in your inventory have rotted away.
Found a green potion.
Found a royal jelly.
x - a green potion
m - 2 royal jellies (gained 1)
You see here a ring mail.
A bat comes into view.
A bat is nearby!
You block the bat's attack.
You barely miss the bat. You block the bat's attack.
The bat hits you but does no damage. The bat hits you.
The bat hits you but does no damage. The bat barely misses you.
The bat hits you but does no damage. The bat hits you but does no damage.
You block the bat's attack.
You miss the bat. The bat hits you but does no damage.
The bat closely misses you.
Quiver which item? (- for none, * to show all) (? for menu, Esc to quit)
Okay, then.
Are you sure you want to abandon this character and quit the game? (Confirm with "yes".)

#.........#. .#..#.#.###
#.........#. #..#.#.#
#.........#.###..###.###
#.........#.............
+.........##..........#.
#.........##.####.#####
#.........#....##.......
#.........#....##.######
##......@..#....##.# ##
#......[.).#....##.# #.
#..........#....##.# #.
#.......b.......##.# #.
#####+####.##.####.#####.
#.......#.# #.......
######..#.###########
#..#...........#
#..###########.#


You could see a bat.

Vanquished Creatures
  6 adders
  A worm (D:2)
  A leopard gecko (D:3)
  4 orcs
  2 ball pythons
  3 giant cockroaches
  7 goblins
  8 hobgoblins
  4 jackals
  5 kobolds
  A quokka (D:3)
  5 bats
  2 frilled lizards (D:3)
  5 rats
54 creatures vanquished.

Notes
Turn   | Place    | Note
-------+----------+-------------------------------------------
     0 | D:1      | removed the Deep Elf Fighter began the quest for the Orb.
     0 | D:1      | Reached XP level 1. HP: 13/13 MP: 3/3
    10 | D:1      | Reached skill level 2 in Long Blades
   361 | D:1      | Reached XP level 2. HP: 14/18 MP: 4/4
  1006 | D:1      | Reached skill level 3 in Long Blades
  1032 | D:2      | Reached XP level 3. HP: 20/22 MP: 5/5
  1308 | D:2      | Reached skill level 4 in Long Blades
  1308 | D:2      | Reached XP level 4. HP: 19/27 MP: 6/6
  2492 | D:3      | Quit the game

Skill      XL: |  1  2  3 |
---------------+----------+-----
Long Blades    | 2 3 4 |  4.5
Fighting       | |  2.4
Armour         | |  2.4
Shields        | |  2.4

Action                   |  1- 3 |  4- 6 || total
-------------------------+-------+-------++-------
Melee: Long sword        |    31 |       ||    31
       Short sword       |    63 |    83 ||   146
  Eat: Chunk             |     1 |     4 ||     5
Armor: Scale mail        |    41 |    42 ||    83
Dodge: Dodged            |    30 |    19 ||    49
Block: Shield            |    53 |    29 ||    82
       Rpst.: Long sword |     3 |       ||     3
